 Dungeon Crawl Stone Soup version 0.19.5 (webtiles) character file.

56 vatarom the Gusty (level 3, 0/19 HPs)
             Began as a Tengu Air Elementalist on Mar 13, 2017.
             Succumbed to an adder's poison
             ... on level 1 of the Dungeon.
             The game lasted 00:03:28 (1434 turns).

vatarom the Gusty (Tengu Air Elementalist)          Turns: 1434, Time: 00:03:29

Health: 0/19       AC:  2    Str:  8    XL:     3   Next: 97%
Magic:  1/7        EV: 15    Int: 16    God:
Gold:   58         SH:  0    Dex: 14    Spells: 3 memorised, 1 level left

rFire  . . .     SeeInvis .     d - +0 whip
rCold  . . .     Gourm    .     a - +0 robe
rNeg   . . .     Faith    .     (no shield)
rPois  .         Spirit   .     (helmet restricted)
rElec  .         Reflect  .     (no cloak)
rCorr  .         Harm     .     (no gloves)
MR     .....                    (boots unavailable)
Stlth  ++........               (no amulet)
                                (no ring)
                                (no ring)

@: lethally poisoned (0 -> -7), flying quickly and evasively, repel missiles,
quick
A: beak, talons 3
a: no special abilities


You were on level 1 of the Dungeon.
You were not hungry.

You visited 1 branch of the dungeon, and saw 2 of its levels.

You collected 58 gold pieces.

Inventory:

Hand Weapons
 d - a +0 whip (weapon)
 e - a +0 dagger
Armour
 a - a +0 robe (worn)
Scrolls
 g - 2 scrolls of recharging {unknown}
Books
 b - a book of Air

   Spells                             Type                      Level
   a - Shock                          Conjuration/Air              1
   b - Swiftness                      Charms/Air                   2
   c - Repel Missiles                 Charms/Air                   2
   d - Static Discharge               Conjuration/Air              3
   e - Lightning Bolt                 Conjuration/Air              5
Comestibles
 c - a bread ration


   Skills:
 - Level 2.1 Dodging
 - Level 2.0 Stealth
 - Level 2.0 Spellcasting
 - Level 1.3 Conjurations
 + Level 6.2 Air Magic


You had one spell level left.
You knew the following spells:

 Your Spells              Type           Power        Failure   Level  Hunger
a - Shock                 Conj/Air       ##..         6%          1    #......
b - Repel Missiles        Chrm/Air       ##....       10%         2    ###....
c - Swiftness             Chrm/Air       ##......     10%         2    ###....


Dungeon Overview and Level Annotations

Branches:
Dungeon (2/15)

Altars:


Innate Abilities, Weirdness & Mutations

You have a beak for a mouth.
You have claws for feet.


Message History

The adder poisons you!
It was a potion of flight.
You feel very buoyant.
You swoop lightly up into the air.
The adder misses you.
Casting: Shock
Confirm with . or Enter, or press ? or * to list all spells.
You don't have enough magic to cast that spell.
Unknown command.
You hit the adder but do no damage.
The adder is almost dead.
* * * LOW HITPOINT WARNING * * *
You feel sick. The adder barely misses you. The adder bites you.
* * * LOW HITPOINT WARNING * * *
You hit the adder.
You kill the adder!
* * * LOW HITPOINT WARNING * * *
You feel sick.
Things that are here:
a leather armour; the goblin corpse of Ijyb You die...

.##....####..# #...##.##.#
.#.......##.[###...##....#
.........##..#........####
.........##........)..#
####.........#........#
####...#########...##.#
.....### #...##†# ####.#
########.###.# #.#
#.†..>[@.# #.# #.#
#.######## #.# ##.# #.#
#.# #..# #.# #.# #.## #.#
#.# #.# #)# #.# #.# #.#
#.# #.# #.# #.# #.# #.#
#.#####


There were no monsters in sight!

Vanquished Creatures
  Ijyb (D:1)
  An adder (D:1)
  2 dart slugs (D:1)
  A leopard gecko (D:1)
  A giant cockroach (D:1)
  2 goblins (D:1)
  A hobgoblin (D:1)
  2 jackals (D:1)
  A ball python (D:1)
  4 bats (D:1)
  2 kobolds (D:1)
  A rat (D:1)
19 creatures vanquished.

Notes
Turn   | Place    | Note
-------+----------+-------------------------------------------
     0 | D:1      | vatarom the Tengu Air Elementalist began the quest for the Orb.
     0 | D:1      | Reached XP level 1. HP: 10/10 MP: 4/4
   293 | D:1      | Reached XP level 2. HP: 13/15 MP: 0/6
   590 | D:1      | Reached skill level 5 in Air Magic
   719 | D:1      | Learned a level 2 spell: Repel Missiles
   722 | D:1      | Learned a level 2 spell: Swiftness
  1392 | D:2      | Noticed Ijyb
  1410 | D:1      | Killed Ijyb
  1410 | D:1      | Reached skill level 6 in Air Magic
  1410 | D:1      | Reached XP level 3. HP: 12/19 MP: 3/7
  1434 | D:1      | Succumbed to an adder's poison

Skill      XL: |  1  2 |
---------------+-------+-----
Air Magic      | 6 |  6.2
Dodging        | |  2.1
Stealth        | |  2.0
Spellcasting   | |  2.0
Conjurations   | |  1.3

Action                   || total
-------------------------++-------
Melee: Unarmed           ||     9
       Kick              ||     2
       Peck              ||     1
       Whip              ||    15
 Cast: Shock             ||    39
       Repel Missiles    ||     1
  Use: Scroll            ||     2
       Potion            ||     3
  Eat: Meat ration       ||     1
Armor: Robe              ||    14
Dodge: Dodged            ||    43
